 Dungeon Crawl Stone Soup version 0.28-a0-595-g9f6c0e134a (webtiles) character file.

Game seed: 1604579829303474730

49826 avis the Grappler (level 14, -8/118 HPs)
             Began as an Octopode Transmuter on Oct 3, 2021.
             Was an Initiate of Gozag.
             Mangled by an alligator (11 damage)
             ... called by a spriggan druid
             ... on level 1 of the Swamp on Oct 4, 2021.
             The game lasted 02:51:02 (27000 turns).

avis the Grappler (Octopode Transmuter)            Turns: 27000, Time: 02:51:06

Health: -8/118     AC:  9    Str: 13      XL:     14   Next: 52%
Magic:  32/32      EV: 13    Int: 14 (17) God:    Gozag
Gold:   2015       SH:  0    Dex: 18      Spells: 15/25 levels left

rFire   x . .      SeeInvis .     - Unarmed
rCold   + + +      Faith    .   (shield currently unavailable)
rNeg    + + .      Spirit   .   (helmet currently unavailable)
rPois   +          Reflect  .   p - amulet of the acrobat
rElec   +          Harm     .   r - ring of ice
rCorr   +          Rampage  .   j - ring of resist corrosion
Will    +++..                   (no ring)
Stlth   ++++++....              e - ring "Hauqef" {rElec rF+ rN+ Will++ MP+9}
HPRegen 0.29/turn               F - ring of positive energy
MPRegen 0.23/turn               S - +6 ring of dexterity
                                Y - ring of Shadows {Umbra +Inv Stlth+}
                                (no ring)

@: ice-form, wreathed by umbra
A: freezing attack, boosted hp, almost no armour, amphibious, 8 rings, large,
(camouflage 1), (gelatinous body 1), (nimble swimmer 1), (tentacles)
a: End Transformation, Renounce Religion, Evoke Invisibility, Potion Petition,
Call Merchant, Bribe Branch


You were on level 1 of the Swamp.
You worshipped Gozag.
Gozag was most pleased with you.
You were a creature of crystalline ice.
You visited 4 branches of the dungeon, and saw 18 of its levels.
You also visited: Sewer.

You collected 4071 gold pieces.
You spent 1478 gold pieces at shops.
You paid 578 gold pieces to Gozag.

Inventory:

Missiles
 B - 10 throwing nets
 L - 2 boomerangs of dispersal (quivered)
Armour
 o - a +2 hat of stealth (melded)
 H - a +2 kite shield of protection (melded)
Jewellery
 e - the ring "Hauqef" (on tentacle) {rElec rF+ rN+ Will++ MP+9}
   (You acquired it on level 3 of the Lair of Beasts)

   [ring of positive energy]

   rF:        It protects you from fire.
   rElec:     It insulates you from electricity.
   rN:        It protects you from negative energy.
   MP:        It affects your magic capacity (+9).
   Will:      It greatly increases your willpower.
 j - a ring of resist corrosion (right front paw)
 p - an amulet of the acrobat (around neck)
 r - a ring of ice (left front paw)
 w - a ring of fire
 x - a ring of ice
 F - a ring of positive energy (on tentacle)
 S - a +6 ring of dexterity (on tentacle)
 Y - the ring of Shadows (on tentacle) {Umbra +Inv Stlth+}
   (You found it on level 10 of the Dungeon)

   [ring of stealth]

   It surrounds you with an aura of shadow, increasing your stealth and reducing
   the accuracy of all within it (including the wearer).
   +Inv:      It lets you turn invisible.
   Stlth:     It makes you more stealthy.
Wands
 b - a wand of digging (4)
 h - a wand of iceblast (45)
 D - a wand of flame (22)
 J - a wand of mindburst (12)
 K - a wand of polymorph (24)
 N - a wand of paralysis (16)
 P - a wand of acid (6)
Scrolls
 d - 5 scrolls of blinking
 l - 6 scrolls of fog
 t - 2 scrolls of fear
 y - 6 scrolls of teleportation
 C - a scroll of silence
 O - a scroll of summoning
Potions
 c - a potion of degeneration
 g - a potion of resistance {unknown}
 k - 5 potions of brilliance
 m - 8 potions of haste
 n - 7 potions of curing
 q - 4 potions of cancellation
 s - a potion of flight
 z - 5 potions of lignification
 A - 2 potions of invisibility
 E - 2 potions of heal wounds
Miscellaneous
 a - a piece from Xom's chessboard (15/15)
 i - a phantom mirror
 u - a lightning rod (4/4)
 Q - a box of beasts
 W - a lightning rod (4/4)


   Skills:
 - Level 10.0 Fighting
 - Level 6.0 Dodging
 - Level 5.0 Stealth
 * Level 10.6 Shields
 - Level 14.0 Unarmed Combat
 - Level 6.0 Spellcasting
 - Level 10.0 Transmutations
 - Level 5.0 Ice Magic
 - Level 3.0 Poison Magic
 - Level 8.0 Evocations


You had 15 spell levels left.
You knew the following spells:

 Your Spells              Type           Power      Damage    Failure   Level
a - Beastly Appendage     Tmut           64%        N/A       1%          1
c - Wereblood             Tmut           32%        N/A       1%          2
p - Spider Form           Tmut/Pois      11%        N/A       3%          3
q - Ice Form              Ice/Tmut       37%        N/A       7%          4

Your spell library contained the following spells:

 Spells                   Type           Power      Damage    Failure   Level
 Freeze                   Ice            100%       1d11      1%          1
 Frozen Ramparts          Ice            54%        1d7       6%          3
 Ensorcelled Hibernation  Hex/Ice        32%        N/A       9%          2
 Animate Skeleton         Necr           8%         N/A       16%         1
 Apportation              Tloc           8%         N/A       16%         1
 Pain                     Necr           16%        1d4       16%         1
 Corpse Rot               Necr/Air       N/A        N/A       24%         2
 Scorch                   Fire           8%         2d5       24%         2
 Static Discharge         Conj/Air       4%         N/A       24%         2
 Alistair's Intoxication  Tmut/Pois      14%        N/A       30%         5
 Call Canine Familiar     Summ           4%         N/A       43%         3
 Portal Projectile        Hex/Tloc       8%         N/A       43%         3
 Tukima's Dance           Hex            4%         N/A       43%         3
 Vampiric Draining        Necr           2%         2d6       43%         3
 Hailstorm                Conj/Ice       16%        3d6       50%         4
 Yara's Violent Unravell  Hex/Tmut       9%         3d6       50%         5
 Dispel Undead            Necr           4%         3d7       83%         4
 Flame Wave               Conj/Fire      4%         3d3       83%         4
 Fulminant Prism          Conj/Hex       2%         3d6       83%         4
 Iskenderun's Mystic Bla  Conj/Tloc      4%         2d3       83%         4
 Leda's Liquefaction      Hex/Erth       2%         N/A       83%         4
 Passage of Golubria      Tloc           N/A        N/A       83%         4
 Lee's Rapid Deconstruct  Erth           2%         3d5*      99%         5
 Lightning Bolt           Conj/Air       2%         1d13      99%         5
 Death Channel            Necr           2%         N/A       100%        6
 Dispersal                Tloc           2%         N/A       100%        6
 Invisibility             Hex            2%         N/A       100%        6
 Summon Cactus Giant      Summ           2%         N/A       100%        6
 Disjunction              Tloc           2%         N/A       100%        8
 Maxwell's Capacitive Co  Air            2%         ∞         100%        8


Dungeon Overview and Level Annotations

Branches:
Dungeon (10/15)            Temple (1/1) D:6            Lair (6/6) D:8
  Swamp (1/4) Lair:2        Snake (0/4) Lair:4        Slime (0/5) Lair:6
  Sewer (visited)
    Orc: D:9-12

Altars:
Ashenzari
Cheibriados
Dithmenos
Elyvilon
Fedhas
Gozag
Hepliaklqana
Kikubaaqudgha
Makhleb
Nemelex Xobeh
Okawaru
Qazlal
Ru
Sif Muna
Trog
Uskayaw
Vehumet
Wu Jian
Xom
Yredelemnul
Zin
The Shining One

Shops:
D:9 ((!

Annotations:
D:9 exclusion: orange crystal statue


Innate Abilities, Weirdness & Mutations

You are a creature of crystalline ice.
You have a powerful freezing melee attack.
Your maximum health is increased.
Your armour is entirely melded.
You are incapable of wielding weapons or throwing items.
You cannot wear most types of armour.
You are amphibious.
You can wear up to eight rings at the same time.
((Your skin changes colour to match your surroundings (Stealth+).))
((Your rubbery body absorbs attacks. (AC +1, EV +1)))
((You are camouflaged near water. (Stealth+)))
((You have tentacles for arms and can constrict up to eight enemies at once.))


Message History

You are yanked forward by the harpoon shot.
Floosh!
An alligator comes into view.
You pummel the swamp worm!! You freeze the swamp worm.
The swamp worm is severely wounded.
The swamp worm misses you.
You hit the swamp worm. You freeze the swamp worm.
The swamp worm is almost dead.
The alligator puts on a burst of speed!
The swamp worm closely misses you.
You closely miss the swamp worm.
The swamp worm is almost dead.
The swamp worm bites you but does no damage.
You barely miss the swamp worm.
The swamp worm is almost dead.
The spriggan rider hits you from afar with a +0 spear of pain!
You punch the swamp worm! You freeze the swamp worm.
You kill the swamp worm!
The spriggan rider completely misses you.
The swamp worm fires a harpoon shot at you.
The harpoon shot hits you!
You are yanked forward by the harpoon shot.
Floosh!
The spriggan is distracted by your dazzling golden aura.
The spriggan rider barely misses you.
The spriggan shouts!
You pummel the alligator!!
The alligator seems to slow down.
You freeze the alligator.
The alligator is moderately wounded.
The swamp worm bites you!! The alligator bites you!
* * * LOW HITPOINT WARNING * * *
The alligator tail-slaps you but does no damage.
You feel much better. The swamp worm bites you!!
* * * LOW HITPOINT WARNING * * *
The spriggan rider hits you with a +0 spear of pain!!
* * * LOW HITPOINT WARNING * * *
You writhe in agony.
* * * LOW HITPOINT WARNING * * *
The alligator bites you!
You die...
Your body crumbles into a pile of gold.

≈≈≈≈≈ ♣.≈≈≈.♣♣
.≈≈≈≈. ♣.§≈≈♣♣
.≈≈≈.≈ ♣♣≈...♣
..≈≈..♣♣.≈≈≈§♣
≈.≈≈..≈≈≈.♣..♣
≈.≈≈≈.≈≈≈≈≈≈♣♣ ♣♣
...≈§..≈♣≈≈≈♣♣♣.♣♣
≈§.≈.i.w$≈≈≈≈♣≈..♣
.....i≈♣Yt≈≈≈≈≈..
≈...≈≈.♣≈i≈≈≈≈.≈≈
$
.≈.....≈≈≈≈≈♣.≈..
..≈.....≈≈≈≈♣.≈..
..≈....§:.$.≈≈...
...≈.≈.i.≈.≈....♣
....♣.§.....≈..≈
..≈...≈.....≈≈..
≈....≈≈≈.≈....≈.


You could see an alligator (swift, slow), a spriggan rider, a spriggan druid, a
swamp worm and a spriggan.

Vanquished Creatures
  Gastronok (Lair:2)
  Snorg (Lair:3)
  A fire dragon (D:10)
  Fannar (Lair:3)
  The ghost of Pooter the Cleaver, a journeyman MiMo of Okawaru (D:10)
  Harold (D:7)
  A boulder beetle (Lair:4)
  8 hydras
  3 centaur warriors
  A two-headed ogre (D:8)
  An alligator (Swamp:1)
  A tengu warrior (D:10)
  A deep troll earth mage (D:10)
  3 skeletal warriors (D:8)
  A deep troll (D:10)
  A flayed ghost (D:10)
  An orb spider (shapeshifter) (D:10)
  An ugly thing (D:9)
  3 elephants
  6 black mambas
  A guardian serpent (Lair:3)
  22 cane toads
  2 kobold demonologists (D:10)
  6 komodo dragons
  4 rime drakes
  A jumping spider (shapeshifter) (D:10)
  Grinder (D:4)
  2 tyrant leeches (Lair:6)
  A hornet (D:8)
  5 polar bears
  22 blink frogs
  A vampire (D:10)
  Sigmund (D:3)
  14 yaks
  A wyvern (D:8)
  Eustachio (D:4)
  5 basilisks
  A steam dragon (D:8)
  5 vampire mosquitoes (Lair:6)
  2 wargs (D:8)
  2 swamp worms (Swamp:1)
  13 water moccasins
  Duvessa (D:7)
  A swamp drake (Swamp:1)
  Purgy (Sewer)
  6 orc warriors
  A necrophage (D:5)
  An ice beast (D:6)
  An ogre (D:4)
  11 wolves
  8 black bears
  7 centaurs
  2 phantoms
  5 kobold brigands
  15 bullfrogs
  2 scorpions (D:6)
  Dowan (D:6)
  9 killer bees
  12 wights
  2 howler monkeys (D:9)
  4 electric eels
  A crimson imp (D:5)
  3 centaur zombies
  A hound (D:4)
  4 jellies
  Crazy Yiuf (D:2)
  5 bullfrog skeletons
  A centaur skeleton (D:7)
  5 orc priests
  5 gnoll shamans
  Natasha (thrice) (D:4)
  4 iguanas
  10 orc wizards
  A howler monkey zombie (D:6)
  21 gnolls
  6 adders
  2 shadow imps
  4 white imps
  7 worms
  2 dart slugs
  33 orcs
  9 ball pythons
  3 bats (D:3)
  6 endoplasms
  5 goblins
  7 hobgoblins
  6 quokkas
  9 frilled lizards
  28 kobolds
  10 rats
  A spectral orc (D:3)
  2 butterflies (Lair:3)
446 creatures vanquished.

Vanquished Creatures (others)
  A bloated husk (Swamp:1)
  A bullfrog (Lair:6)
  A jelly (D:6)
  14 fungi
  92 plants
109 creatures vanquished.

Grand Total: 555 creatures vanquished

Notes
Turn   | Place    | Note
-------+----------+-------------------------------------------
     0 | D:1      | avis the Octopode Transmuter began the quest for the Orb.
     0 | D:1      | Reached XP level 1. HP: 13/13 MP: 3/3
    79 | D:1      | Reached skill level 1 in Stealth
   286 | D:1      | Reached XP level 2. HP: 18/18 MP: 3/5
   753 | D:1      | Found a faded altar of an unknown god.
   868 | D:2      | Reached skill level 4 in Unarmed Combat
   868 | D:2      | Reached XP level 3. HP: 23/23 MP: 6/6
  1044 | D:2      | Found Motiabi's Distillery.
  1257 | D:2      | Found an iron altar of Okawaru.
  1501 | D:2      | Found a runed translucent door.
  1502 | D:2      | Noticed Crazy Yiuf
  1671 | D:3      | Noticed Sigmund
  1700 | D:3      | Learned a level 3 spell: Spider Form
  1777 | D:3      | Reached XP level 4. HP: 29/29 MP: 7/7
  2242 | D:3      | You fall into a shaft and drop 3 floors!
  2242 | D:6      | Noticed an ice beast
  2246 | D:6      | Noticed a scorpion
  2567 | D:6      | Killed a scorpion
  2568 | D:6      | Reached skill level 5 in Unarmed Combat
  2568 | D:6      | Reached XP level 5. HP: 36/36 MP: 3/8
  2595 | D:6      | Killed an ice beast
  2596 | D:6      | Reached XP level 6. HP: 35/42 MP: 6/9
  2675 | D:6      | Found a staircase to the Ecumenical Temple.
  2684 | Temple   | Entered the Ecumenical Temple
  3128 | Temple   | Became a worshipper of Gozag Ym Sagoz the Greedy
  3249 | D:6      | Reached skill level 6 in Unarmed Combat
  3254 | D:6      | Noticed a black bear
  3358 | D:5      | Entered Level 5 of the Dungeon
  3489 | D:5      | Noticed a black bear
  3495 | D:5      | Killed a black bear
  3496 | D:5      | Reached XP level 7. HP: 37/48 MP: 6/10
  3959 | D:4      | Found a glowing drain.
  3959 | D:4      | Noticed Eustachio
  3993 | Sewer    | Entered a sewer
  4369 | Sewer    | Noticed Purgy
  4505 | Sewer    | Killed Purgy
  4506 | Sewer    | Reached skill level 7 in Unarmed Combat
  4628 | D:4      | Killed Eustachio
  4629 | D:4      | Reached skill level 5 in Fighting
  4629 | D:4      | Reached XP level 8. HP: 49/55 MP: 8/11
  4947 | D:4      | Reached skill level 5 in Transmutations
  4956 | D:4      | Learned a level 4 spell: Ice Form
  4995 | D:4      | Noticed Natasha
  4999 | D:4      | Noticed Grinder
  5004 | D:4      | Killed Natasha
  5015 | D:4      | Killed Grinder
  5369 | D:2      | Bought a potion of degeneration for 12 gold pieces
  5369 | D:2      | Bought a potion of curing for 36 gold pieces
  5369 | D:2      | Bought 2 potions of lignification for 72 gold pieces
  5369 | D:2      | Bought 2 potions of heal wounds for 120 gold pieces
  5369 | D:2      | Bought a potion of invisibility for 96 gold pieces
  5369 | D:2      | Bought a potion of cancellation for 96 gold pieces
  5371 | D:2      | Reached skill level 10 in Unarmed Combat
  5371 | D:2      | Reached XP level 9. HP: 66/66 MP: 12/12
  5372 | D:2      | Upgraded the game from 0.28-a0-580-ga2639ab843 to
                  | 0.28-a0-589-g333b8329f1
  5427 | D:3      | Killed Sigmund
  5516 | D:3      | Found a basalt altar of Yredelemnul.
  5743 | D:2      | Killed Crazy Yiuf
  5891 | D:4      | Noticed Natasha
  5897 | D:4      | Killed Natasha
  6316 | D:5      | Reached skill level 5 in Ice Magic
  6569 | D:5      | Found a bloodstained altar of Trog.
  6784 | D:5      | Reached XP level 10. HP: 67/72 MP: 6/13
  7140 | D:6      | Identified the +5 trident of Wu Jian's Supremacy {drain,
                  | rElec rF+ Str+3}
  7191 | D:6      | Found a hazy altar of Hepliaklqana.
  7364 | D:6      | Reached skill level 5 in Stealth
  7421 | D:6      | Found a stormy altar of Qazlal.
  7852 | D:7      | Noticed Dowan
  7853 | D:7      | Noticed Duvessa
  7870 | D:6      | Killed Dowan
  7982 | D:7      | Killed Duvessa
  8954 | D:7      | Noticed Harold
  8965 | D:7      | Killed Harold
  8966 | D:7      | Reached skill level 11 in Unarmed Combat
  9518 | D:4      | Noticed Natasha
  9526 | D:4      | Killed Natasha
  9581 | D:2      | Bought a potion of curing for 36 gold pieces
  9581 | D:2      | Bought 2 potions of haste for 240 gold pieces
  9581 | D:2      | Bought a potion of haste for 120 gold pieces
 10092 | D:8      | Reached skill level 1 in Evocations
 10213 | D:8      | Noticed a two-headed ogre
 10278 | D:8      | Found a staircase to the Lair.
 10287 | D:8      | Killed a two-headed ogre
 10303 | D:8      | Reached XP level 11. HP: 53/77 MP: 15/15
 10694 | D:8      | Paralysed by a hornet for 1 turns
 10892 | D:8      | Noticed a skeletal warrior
 10914 | D:8      | Killed a skeletal warrior
 10915 | D:8      | Reached skill level 12 in Unarmed Combat
 11198 | D:8      | Noticed a centaur warrior
 11207 | D:8      | Killed a centaur warrior
 11436 | D:8      | Noticed a skeletal warrior
 11440 | D:8      | Noticed a skeletal warrior
 11450 | D:8      | Killed a skeletal warrior
 11456 | D:8      | Killed a skeletal warrior
 11886 | Lair:1   | Entered Level 1 of the Lair of Beasts
 11948 | Lair:1   | Noticed a five-headed hydra
 11963 | Lair:1   | Killed a five-headed hydra
 13435 | Lair:1   | Reached skill level 5 in Spellcasting
 13567 | Lair:2   | Reached skill level 5 in Evocations
 13640 | Lair:2   | Reached XP level 12. HP: 85/85 MP: 15/19
 13661 | Lair:2   | Noticed a five-headed hydra
 13717 | Lair:1   | Killed a five-headed hydra
 13852 | Lair:2   | Noticed Gastronok
 14362 | Lair:2   | Killed Gastronok
 14399 | Lair:2   | Found a staircase to the Swamp.
 14508 | Lair:1   | Learned a level 2 spell: Wereblood
 14536 | Lair:2   | Reached skill level 13 in Unarmed Combat
 14774 | Lair:2   | Reached skill level 5 in Dodging
 14774 | Lair:2   | Reached skill level 1 in Poison Magic
 14855 | Lair:2   | Noticed a four-headed hydra
 14876 | Lair:2   | Killed a four-headed hydra
 15437 | Lair:3   | Noticed Snorg
 15446 | Lair:3   | Killed Snorg
 16221 | Lair:3   | Noticed Fannar
 16255 | Lair:3   | Killed Fannar
 16522 | Lair:4   | Noticed a boulder beetle
 16889 | Lair:4   | Killed a boulder beetle
 16998 | Lair:3   | Identified a scroll of acquirement
 17048 | Lair:3   | Acquired the ring "Hauqef" {rElec rF+ rN+ Will++ MP+9}
 17177 | Lair:4   | Reached XP level 13. HP: 90/90 MP: 22/22
 17756 | Lair:4   | Reached skill level 10 in Transmutations
 18141 | Lair:4   | Found a staircase to the Snake Pit.
 18185 | Lair:4   | Acquired a +2 kite shield of protection
 19410 | Lair:5   | Reached skill level 14 in Unarmed Combat
 19668 | Lair:5   | Reached skill level 5 in Shields
 20208 | Lair:6   | Entered Level 6 of the Lair of Beasts
 20286 | Lair:6   | Found a staircase to the Slime Pits.
 21487 | Lair:6   | Reached skill level 10 in Fighting
 21969 | Lair:6   | Reached XP level 14. HP: 88/99 MP: 23/23
 22137 | Lair:6   | Identified the +6 dagger of the Brain {vorpal, rC+}
 23141 | D:9      | Found Veshurph's Weapon Emporium.
 23293 | D:9      | Found Jixtim's Distillery.
 23301 | D:9      | Bought a potion of flight for 39 gold pieces
 23301 | D:9      | Bought a potion of heal wounds for 65 gold pieces
 23301 | D:9      | Bought 2 potions of haste for 260 gold pieces
 23301 | D:9      | Bought a potion of curing for 39 gold pieces
 23301 | D:9      | Bought a potion of curing for 39 gold pieces
 23301 | D:9      | Bought a potion of cancellation for 104 gold pieces
 23301 | D:9      | Bought a potion of mutation for 104 gold pieces
 23303 | D:9      | Found an ornate altar of the Wu Jian Council.
 23646 | D:9      | Found Jekateox's Antique Weapon Shop.
 23930 | D:9      | Found a hide-covered altar of Uskayaw.
 24629 | D:10     | Entered Level 10 of the Dungeon
 24823 | D:10     | Found a shimmering altar of Xom.
 24826 | D:10     | Noticed an angel
 24830 | D:10     | Found a glowing silver altar of Zin.
 25007 | D:10     | Found a runed translucent door.
 25008 | D:10     | Noticed Pooter's ghost (journeyman MiMo)
 25280 | D:10     | Found the ring of Shadows {Umbra +Inv Stlth+}
 25590 | D:10     | Reached skill level 10 in Shields
 26158 | D:10     | Killed Pooter's ghost
 26193 | D:10     | Upgraded the game from 0.28-a0-589-g333b8329f1 to
                  | 0.28-a0-595-g9f6c0e134a
 26684 | Swamp:1  | Entered Level 1 of the Swamp
 27000 | Swamp:1  | HP: 4/118 [spriggan rider (20)]
 27000 | Swamp:1  | Mangled by an alligator

Illustrated notes

Levels and vault maps discovered:
D:1:      giann_wishing_wells, layout_rooms,
          hellmonk_ecumenical_altar_prayer_group
D:2:      layout_rooms, serial_shops, shop_statue, basic_altar,
          uniq_crazy_yiuf_cottage
D:3:      layout_rooms, yredelemnul_forgotten_temple_becter,
          minmay_misc_feat_diagonals, uniq_sigmund
D:4:      layout_basic, cheibrodos_sewer_entry_sluice, uniq_grinder,
          uniq_eustachio, uniq_natasha
D:5:      layout_basic, mainiacjoe_overflow_cross_hatched,
          minmay_fire_ice_demons
D:6:      layout_basic, nicolae_hepliaklqana_hippocampus, grunt_qazlal_clouds,
          temple_pool_b
D:7:      layout_basic, uniq_duvessa, uniq_harold
D:8:      layout_basic, erik_lair_orcish_takeover, feat_on_display
D:9:      layout_gridville, nicolae_wu_jian_wuxing_cycle,
          nicolae_overflow_crystal_walls, serial_shops, shop, shop,
          nicolae_stop_n_shop_2, minivault_16, grunt_tough_drop
D:10:     minmay_chopped_fan, layout_basic,
          grunt_temple_overflow_order_and_chaos_1, ebering_ghost_reflecting_pool
Temple:   eino_temple_water
Lair:1:   layout_roguey, grunt_megastairs_3
Lair:2:   beast_lair_carwin_large_3, layout_cave_shapes, swamp_mist,
          minivault_11, serial_bayou_pond_b, evilmike_ambush
          [evilmike_ambush_outer_basic, evilmike_ambush_inner_pond],
          uniq_gastronok
Lair:3:   layout_misc_corridors, lemuel_fruit_fields, uniq_fannar, uniq_snorg
Lair:4:   layout_regular_city, minmay_snake_entry_spellcaster,
          serial_bayou_lagoon_b
Lair:5:   layout_cave_shapes, nicolae_quartered_pool_super, grunt_megastairs_5
Lair:6:   minmay_lair_end_frog_pond, layout_hall_layers,
          nicolae_slime_entry_slimehenge
Swamp:1:  layout_basic_swamp, serial_swamp_ruin, evilmike_swamp_ruin_house_4,
          evilmike_swamp_ruin_rubble_1, evilmike_swamp_ruin_house_2,
          swamp_pool1, uniq_frances

Skill      XL: |  1  2  3  4  5  6  7  8  9 10 11 12 13 14 |
---------------+-------------------------------------------+-----
Stealth        | 1 3 5 |  5.0
Unarmed Combat | 4 5 6 7 10 11 12 13 14 | 14.0
Fighting       | 2 3 4 5 7 8 9 10 | 10.0
Transmutations | 3 4 7 8 9 10 | 10.0
Shields        | 4 7 10 | 10.6
Ice Magic      | 3 5 |  5.0
Spellcasting   | 3 5 6 |  6.0
Evocations     | 2 5 7 8 |  8.0
Dodging        | 6 |  6.0
Poison Magic   | 3 |  3.0

Action                   |  1- 3 |  4- 6 |  7- 9 | 10-12 | 13-15 || total
-------------------------+-------+-------+-------+-------+-------++-------
Melee: Unarmed           |    18 |    18 |   140 |   460 |   476 ||  1112
       Kick              |    15 |     9 |     2 |     2 |       ||    28
       Constrict         |    13 |    10 |    12 |     5 |       ||    40
       Dagger            |    27 |    31 |    10 |     3 |       ||    71
       Tentacles         |    10 |     8 |     4 |     4 |       ||    26
       Punch             |       |     3 |     3 |     1 |       ||     7
       Whip              |       |     3 |    41 |       |       ||    44
       Trident           |       |       |       |    17 |       ||    17
 Fire: Hunting sling     |    64 |    15 |    76 |       |       ||   155
Throw: Boomerang         |       |       |       |       |     3 ||     3
 Cast: Beastly Appendage |    21 |     7 |     4 |     4 |     4 ||    40
       Spider Form       |       |     4 |    12 |     1 |     1 ||    18
       Ice Form          |       |       |     9 |    59 |    56 ||   124
Invok: Potion Petition   |       |       |       |     1 |     1 ||     2
 Abil: End Transformatio |       |       |       |       |     2 ||     2
Evoke: Wand              |       |       |       |     4 |       ||     4
  Use: Scroll            |       |       |     7 |    11 |     6 ||    24
       Potion            |       |       |     1 |    10 |     4 ||    15
 Stab: Sleeping          |     2 |     3 |     1 |    10 |    16 ||    32
       Distracted        |       |       |       |     1 |     1 ||     2
Armor: Skin              |     5 |     2 |    21 |    90 |   102 ||   220
Dodge: Dodged            |    12 |    22 |   116 |   132 |   244 ||   526
Block: Other             |     5 |     9 |    41 |    61 |    39 ||   155
       Buckler           |       |       |       |     5 |     2 ||     7
       Reflection        |       |       |       |     1 |       ||     1
       Kite shield       |       |       |       |       |     1 ||     1

Table legend: (Time is in decaauts)
 A = Elapsed time spent in this place.
 B = Non-inter-level travel time spent in this place.
 C = Inter-level travel time spent in this place.
 D = Time resting spent in this place.
 E = Time spent auto-exploring this place.
 F = Levels seen in this place.
 G = Mean time per level.
                   A        B        C        D        E       F      G
               +--------+--------+--------+--------+--------+-----+--------+
         Total |  26882 |  24195 |   2687 |   8698 |   7959 |  19 | 1414.8 |
       Dungeon |  14286 |  12611 |   1675 |   3821 |   4511 |  10 | 1428.6 |
        Temple |    508 |    485 |     23 |      0 |    412 |   1 |  508.0 |
          Lair |  11139 |  10150 |    989 |   4417 |   2982 |   6 | 1856.5 |
         Swamp |    310 |    310 |      0 |    228 |      0 |   1 |  310.0 |
         Sewer |    637 |    637 |      0 |    232 |     54 |   1 |  637.0 |
               +--------+--------+--------+--------+--------+-----+--------+

Top non-repeatable levels by time:
  Lair:1: 2770 daAuts
     D:8: 2429 daAuts
  Lair:3: 2133 daAuts
  Lair:6: 2031 daAuts
  Lair:5: 1960 daAuts
     D:6: 1879 daAuts
     D:9: 1516 daAuts
     D:7: 1505 daAuts
    D:10: 1431 daAuts
     D:4: 1363 daAuts
  Lair:4: 1234 daAuts
     D:5: 1230 daAuts
     D:2: 1027 daAuts
  Lair:2: 1007 daAuts
     D:3: 973 daAuts
